 Dungeon Crawl Stone Soup version 0.31-a0-210-gccc998df9b (webtiles) character file.

Game seed: 2454912969765785966

36 qw the Chopper (level 3, -5/23 HPs)
             Began as a Gargoyle Fighter on June 29, 2023.
             Slain by a gnoll
             ... wielding a +0 whip
              (6 damage)
             ... on level 2 of the Dungeon.
             The game lasted 00:00:34 (1287 turns).

qw the Chopper (Gargoyle Fighter)                   Turns: 1287, Time: 00:00:34

Health: -5/23      AC: 15    Str: 21    XL:     3   Next: 37%
Magic:  3/3        EV:  5    Int:  8    God:
Gold:   75         SH:  4    Dex:  9    Spells: 2/2 levels left

rFire   . . .        Y - +0 war axe
rCold   . . .        c - +0 buckler
rNeg    + . .        i - +0 plate armour
rPois   inf          (no helmet)
rElec   +            (no cloak)
rCorr   .            (no gloves)
SInv    .            e - +0 pair of boots
Will    .....        (no amulet) Stlth
                     (no ring)
HPRegen 0.23/turn    (no ring)
MPRegen 0.08/turn

%: no passive effects
@: no status effects
A: sickness immunity, AC +3, negative energy resistance 1, electricity
resistance, torment resistance 1, petrification resistance
a: no special abilities


You were on level 2 of the Dungeon.
You visited 1 branch of the dungeon, and saw 2 of its levels.

You collected 75 gold pieces.


Innate Abilities, Weirdness & Mutations

You are immune to sickness and miasma.
Your stone body is resilient. (AC +3)
You are immune to poison.
You resist negative energy. (rN+)
You are resistant to electric shocks. (rElec)
You are resistant to unholy torment.
You are immune to petrification.


   Skills:
 - Level 3.2 Fighting
 + Level 3.3 Axes
 - Level 3.2 Armour
 - Level 3.2 Shields


You had 2 spell levels left.
You didn't know any spells.
Your spell library was empty.

Inventory:

Hand Weapons
 j - a +0 mace
 Y - a +0 war axe (weapon)
Armour
 c - a +0 buckler (worn)
 e - a +0 pair of boots (worn)
 i - a +0 plate armour (worn)
Scrolls
 a - a scroll of enchant weapon {unknown}
 b - a scroll of vulnerability {unknown}
 f - a scroll of immolation {unknown}
Potions
 d - a potion of might
 g - a potion of berserk rage {unknown}
 h - a potion of cancellation {unknown}

Dungeon Overview and Level Annotations

Branches:
Dungeon (2/15)

Altars:


Message History

Enter note:
Enter note:
Enter note:
Enter note: A gnoll comes into view. It is wielding a +0 whip.
The gnoll shouts!
You hear a shout!
The gnoll moves out of view.
Enter note:
Enter note:
Enter note:
Enter note:
Enter note:
Enter note: An endoplasm comes into view.
1278 ||| Stepping ~*~*~tactically~*~*~ (stealth).
1279 ||| Stepping ~*~*~tactically~*~*~ (stealth).
You see here a hobgoblin corpse.
You barely miss the gnoll.
The gnoll hits you with a +2 flail of draining.
You barely miss the gnoll. You closely miss the gnoll.
You block the gnoll's attack.
The gnoll hits you with a +2 flail of draining!
You hit the gnoll.
The gnoll is moderately wounded.
You slash the gnoll! The gnoll hits you with a +0 whip.
The gnoll hits you but does no damage.
You closely miss the gnoll.
The gnoll is severely wounded.
You hit the gnoll but do no damage. The gnoll hits you but does no damage.
The gnoll barely misses you. The gnoll hits you with a +0 whip.
The gnoll hits you but does no damage.
You closely miss the gnoll.
The gnoll is severely wounded.
You slash the gnoll! You block the gnoll's attack.
The gnoll hits you with a +0 whip.
You slash the gnoll!
You kill the gnoll!
You hit the gnoll but do no damage. The gnoll hits you with a +0 whip.
You die...

..####.. ..................#
......................###...#
........ .....#...#.#.# #...#
#####.........#####.#.# #####
........ #...# #####...
##..## #..... ##..## ..#
##...# ..# #@)#.# #.# ##g##.#
... #..##.# ##...
..g....###.# #.. ....#.# #.#
## ...... ### # ......
####### J.... ......# .#.##


You could see a gnoll.

Vanquished Creatures
  A gnoll (D:2)
  3 endoplasms
  A giant cockroach (D:2)
  6 goblins
  4 hobgoblins
  3 jackals (D:2)
  A quokka (D:2)
  5 ball pythons
  A bat (D:2)
  3 frilled lizards
  3 kobolds
  A rat (D:1)
32 creatures vanquished.

Notes
Turn   | Place    | Note
-------+----------+-------------------------------------------
     0 | D:1      | qw the Gargoyle Fighter began the quest for the Orb.
     0 | D:1      | Reached XP level 1. HP: 14/14 MP: 1/1
     0 | D:1      | 0 ||| qw: Version: 0.3-a-24-ga2abf7b
     0 | D:1      | 0 ||| qw: Game counter: 6973
     0 | D:1      | 0 ||| qw: Melee chars always use a shield: true
     0 | D:1      | 0 ||| qw: God list: Okawaru
     0 | D:1      | 0 ||| qw: Allow faded altars: false
     0 | D:1      | 0 ||| qw: Do Orc after clearing Dungeon:15 true
     0 | D:1      | 0 ||| qw: Do second Lair branch before Depths: true
     0 | D:1      | 0 ||| qw: Lair rune preference: random
     0 | D:1      | 0 ||| qw: Goals: Normal, Zot:1-4, Slime:5, God:TSO, Crypt,
                  | Tomb, Abyss, Pan, Hells, Win
     0 | D:1      | 0 ||| PLANNING D:1-11
   220 | D:1      | Reached XP level 2. HP: 19/19 MP: 2/2
   255 | D:1      | 255 ||| DROPPING +0 club.
   435 | D:1      | Found a faded altar of an unknown god.
   911 | D:1      | 911 ||| UPGRADING to +0 pair of boots.
   916 | D:1      | 916 ||| UPGRADING to +0 plate armour.
   926 | D:1      | 926 ||| DROPPING +0 scale mail.
   927 | D:1      | 927 ||| READING scroll labelled WELEOPP USTUA.
   928 | D:1      | 928 ||| READING 2 scrolls labelled WYZYSISHED.
   929 | D:1      | 929 ||| READING 3 scrolls labelled PUIFOZA EGROA.
   930 | D:1      | 930 ||| DROPPING scroll of fear.
   931 | D:1      | 931 ||| DROPPING 2 scrolls of butterflies.
  1074 | D:2      | Reached skill level 3 in Axes
  1103 | D:2      | Reached XP level 3. HP: 23/23 MP: 3/3
  1261 | D:2      | 1261 ||| Stepping ~*~*~tactically~*~*~ (stealth).
  1278 | D:2      | 1278 ||| Stepping ~*~*~tactically~*~*~ (stealth).
  1279 | D:2      | 1279 ||| Stepping ~*~*~tactically~*~*~ (stealth).
  1285 | D:2      | HP: 2/23 [gnoll/+0 whip (4)]
  1287 | D:2      | Slain by a gnoll

Levels and vault maps discovered:
D:1:      tekkud_arrival_beachfront_property, layout_loops_ring,
          dreamdust_ecumenical_altar_hidden_monk_grotto, roderic_roman_lattice
D:2:      layout_rooms, kennysheep_generic_room_7, uniq_terence,
          uniq_crazy_yiuf_cottage

Skill      XL: |  1  2 |
---------------+-------+-----
Axes           | 2 3 |  3.3
Fighting       | |  3.2
Armour         | |  3.2
Shields        | |  3.2

Action                     || total
---------------------------++-------
  Melee: War axe           ||    82
    Use: Scroll            ||     3
 Armour: Scale mail        ||    17
         Plate armour      ||    32
  Dodge: Dodged            ||    20
  Block: Buckler           ||    17

Table legend:
 A = Non-vault XP
 B = Vault XP
 C = Vault XP percentage of total XP
 D = Non-vault monster count
 E = Vault monster count
 F = Vault count percentage of total count
                 A         B        C        D         E       F
            +---------+---------+-------+---------+---------+-------
      Total |      66 |       0 |   0.0 |      32 |       0 |   0.0
            +---------+---------+-------+---------+---------+-------
        D:1 |      18 |       0 |   0.0 |      12 |       0 |   0.0
        D:2 |      48 |       0 |   0.0 |      20 |       0 |   0.0
            +---------+---------+-------+---------+---------+-------
